 Dungeon Crawl Stone Soup version 0.30-a0-1016-gfb0d676c02 (webtiles) character file.

Game seed: 2442850871989430959

90108 pokeman the Sorcerer (level 15, -10/82 HPs)
             Began as a Deep Elf Hedge Wizard on Apr 6, 2023.
             Was a High Priest of Vehumet.
             Killed from afar by a deep elf zephyrmancer (31 damage)
             ... with a bolt of lightning
             ... on level 2 of the Orcish Mines.
             The game lasted 01:19:18 (27522 turns).

pokeman the Sorcerer (Deep Elf Hedge Wizard)       Turns: 27522, Time: 01:19:18

Health: -10/82     AC: 12    Str:  9    XL:     15   Next: 51%
Magic:  12/52      EV: 12    Int: 27    God:    Vehumet [*****.]
Gold:   1473       SH: 10    Dex: 14    Spells: 31/59 levels left

rFire   + . .      SeeInvis .    Q - staff of fire
rCold   + + +      Faith    .    N - +0 buckler
rNeg    . . .      Spirit   .    G - +2 leather armour {rPois}
rPois   +          Reflect  +    e - +1 helmet of Inevitability {rPois rC+++ Str+2 Stlth-}
rElec   .          Rampage  .    F - scarf {repulsion}
rCorr   +                        c - +0 pair of gloves {Stlth+}
Will    .....                    I - +2 pair of boots
Stlth   ++                       O - amulet "Rasoa" {Reflect rC++ MP+9 SH+5}
HPRegen 0.33/turn                h - ring of resist corrosion
MPRegen 0.33/turn                k - ring of Vifac {Fly rC+ Will- rCorr}

@: flying, repel missiles
A: no striking features
a: Renounce Religion


You were on level 2 of the Orcish Mines.
You worshipped Vehumet.
Vehumet was extremely pleased with you.
You visited 4 branches of the dungeon, and saw 23 of its levels.
You also visited: Volcano.

You collected 1899 gold pieces.
You spent 426 gold pieces at shops.

Inventory:

Armour
 c - a +0 pair of gloves of stealth (worn)
 e - the +1 helmet of Inevitability (worn) {rPois rC+++ Str+2 Stlth-}
   (You found it on level 11 of the Dungeon)

   Str:       It affects your strength (+2).
   rC:        It renders you almost immune to cold.
   rPois:     It protects you from poison.
   Stlth:     It makes you less stealthy.
 w - a +1 ring mail of cold resistance
 F - a scarf of repulsion (worn)
 G - a +2 leather armour of poison resistance (worn)
 I - a +2 pair of boots (worn)
 N - a +0 buckler (worn)
Magical Staves
 s - a staff of cold
 Q - a staff of fire (weapon)
Jewellery
 h - a ring of resist corrosion (left hand)
 k - the ring of Vifac (right hand) {Fly rC+ Will- rCorr}
   (You took it off a deep elf pyromancer on level 12 of the Dungeon)

   [ring of protection from cold]

   rC:        It protects you from cold.
   Fly:       It grants you flight.
   rCorr:     It protects you from acid and corrosion.
   Will:      It decreases your willpower.
 q - an amulet of the acrobat
 M - a ring of see invisible
 O - the amulet "Rasoa" (around neck) {Reflect rC++ MP+9 SH+5}
   (You found it on level 8 of the Dungeon)

   [amulet of reflection]

   It reflects blocked missile attacks.
   rC:        It greatly protects you from cold.
   MP:        It affects your magic capacity (+9).
   SH:        It affects your SH (+5).
Wands
 a - a wand of flame (9)
 r - a wand of iceblast (8)
 t - a wand of digging (4)
 V - a wand of light (9)
Scrolls
 j - 11 scrolls of teleportation
 o - 5 scrolls of magic mapping
 x - a scroll of blinking
Potions
 b - 2 potions of haste
 d - 2 potions of magic
 f - 9 potions of curing
 g - a potion of berserk rage {unknown}
 i - 7 potions of degeneration {unknown}
 l - 2 potions of resistance {unknown}
 m - 3 potions of ambrosia {unknown}
 n - 3 potions of cancellation {unknown}
 p - 2 potions of flight {unknown}
 v - 7 potions of attraction {unknown}
 z - 3 potions of mutation {unknown}
 A - a potion of brilliance {unknown}
 C - 5 potions of might {unknown}
 H - 5 potions of lignification {unknown}
 X - 2 potions of heal wounds
Miscellaneous
 B - a piece from Xom's chessboard (15/15)
 R - a phial of floods
 S - a tin of tremorstones (2/2)
 U - a condenser vane


   Skills:
 + Level 5.3 Fighting
 - Level 6.0 Armour
 - Level 3.0 Dodging
 - Level 3.0 Stealth
 - Level 6.5 Shields
 * Level 22.6 Spellcasting
 + Level 13.9 Conjurations
 - Level 8.2 Summonings
 - Level 1.0 Necromancy
 - Level 1.1 Translocations
 + Level 10.7 Fire Magic
 - Level 2.2 Ice Magic
 - Level 1.2 Air Magic
 - Level 1.1 Earth Magic
 - Level 1.2 Poison Magic
 - Level 2.1 Evocations


You had 31 spell levels left.
You knew the following spells:

 Your Spells              Type           Power      Damage    Failure   Level
a - Magic Dart            Conj           100%       1d8       0%          1
b - Mephitic Cloud        Conj/Pois/Air  57%        N/A       1%          3
c - Call Imp              Summ           66%        N/A       1%          2
d - Blink                 Tloc           72%        N/A       1%          2
e - Stone Arrow           Conj/Erth      100%       3d13      1%          3
f - Fireball              Conj/Fire      49%        3d19      1%          5
g - Freezing Cloud        Conj/Ice/Air   29%        6-21      1%          5
h - Orb of Destruction    Conj           41%        9d11      1%          7

Your spell library contained the following spells:

 Spells                   Type           Power      Damage    Failure   Level
 Spellforged Servitor     Conj/Summ      37%        N/A       4%          7
 Sandblast                Erth           72%        2d16      1%          1
 Slow                     Hex            100%       N/A       1%          1
 Cigotuvi's Dreadful Rot  Necr/Pois/Air  72%        N/A       1%          2
 Lesser Beckoning         Tloc           72%        N/A       1%          2
 Momentum Strike          Conj/Tloc      100%       3d10      1%          2
 Static Discharge         Conj/Air       100%       2-7/arc   1%          2
 Frozen Ramparts          Ice            84%        1d13      1%          3
 Hailstorm                Conj/Ice       65%        3d14      1%          3
 Ignite Poison            Fire/Tmut/Pois 67%        N/A       1%          3
 Iskenderun's Battlesphe  Conj           82%        2d13      1%          5
 Passwall                 Tmut/Erth      27%        N/A       2%          2
 Summon Ice Beast         Ice/Summ       56%        N/A       2%          4
 Summon Lightning Spire   Summ/Air       54%        N/A       2%          4
 Gell's Gravitas          Tloc           36%        N/A       3%          3
 Teleport Other           Tloc           36%        N/A       3%          3
 Airstrike                Air            18%        2d(3-19)  3%          4
 Conjure Ball Lightning   Conj/Air       32%        3x3d10    3%          6
 Ice Form                 Ice/Tmut       36%        N/A       12%         4
 Simulacrum               Ice/Necr       19%        N/A       83%         6


Dungeon Overview and Level Annotations

Branches:
Dungeon (15/15)            Temple (1/1) D:7            Lair (5/5) D:9
 Shoals (0/4) Lair:2        Snake (0/4) Lair:3        Slime (0/5) Lair:5
    Orc (2/2) D:12            Elf (0/3) Orc:2        Vaults (0/5) D:14
 Depths (0/4) D:15        Volcano (visited)

Altars:
Ashenzari
Cheibriados
Dithmenos
Elyvilon
Fedhas
Gozag
Hepliaklqana
Kikubaaqudgha
Makhleb
Nemelex Xobeh
Okawaru
Qazlal
Ru
Sif Muna
Trog
Uskayaw
Vehumet
Wu Jian
Xom
Yredelemnul
Zin
The Shining One
Jiyva

Shops:
D:2 :   D:7 :(   D:9 !


Message History

The deep elf pyromancer mumbles some strange words.
The deep elf pyromancer blinks!
An orc comes into view. It is wielding a +0 whip.
Casting: Fireball (safe; 1% risk of failure)
Confirm with . or Enter, or press ? or * to list all spells.
Aiming: Fireball (safe; 1% risk of failure)
Press: ? - help, Shift-Dir - straight line, f - Jorgrun
Aim: Jorgrun, wielding a +0 heavy quarterstaff and wearing a +2 robe (almost dead)
You feel a surge of power!
The fireball explodes!
The fireball engulfs Jorgrun!!!
You kill Jorgrun!
Vehumet accepts your kill.
You feel your power returning.
The deep elf pyromancer is engulfed in freezing vapours.
Unknown command.
An orc priest and 2 orcs come into view.
The orc priest shouts!
The orc shouts! x3
An orc comes into view. It is wielding a +0 falchion.
The orc priest looks encouraged for a moment.
The deep elf zephyrmancer gestures at you while chanting.
The bolt of lightning misses you.
An orc priest comes into view. It is wielding a +0 dagger.
An orc sorcerer comes into view. It is wielding a +0 dagger.
The orc priest moves out of view.
The orc moves out of view.
You hear a shout! x2
Casting: Fireball (safe; 1% risk of failure)
Confirm with . or Enter, or press ? or * to list all spells.
Aiming: Fireball (safe; 1% risk of failure)
Press: ? - help, Shift-Dir - straight line, f - deep elf pyromancer
Aim: a deep elf pyromancer, wielding a +0 short sword and wearing a +0 leather armour (almost dead)
You feel a surge of power!
The fireball explodes!
The fireball engulfs the deep elf pyromancer!!!
You kill the deep elf pyromancer!
Vehumet accepts your kill.
An orc wizard comes into view. It is wielding a +0 dagger.
The orc priest casts a cantrip, but nothing happens.
An orc warrior comes into view. It is wielding a +0 war axe.
The deep elf zephyrmancer casts a spell at you.
The bolt of lightning hits you!!
You die...

,,,,,,,,,$.....#g.)))...##
,,,,,,,,,..oo...o)..e..##
**,,,,,,*.#.o..ooe..#.##
*,,,,,,**#..o.§§§§o###
***,,,,**#.###o§§§§o#
*,,,,,,,** #.#...##
,,,,,,,,,*** ##o))##
,,,,,,,,,,,* #)##
,,,***,,,,** #@# ..,*
*,,...# #.# ..#****#...###
#.# ...,*##......* #.#
...###......** #.#
..........#** #.##
##.......#* ###..##
#........# #.##..##
#..<...### ###......#*


You could see 2 deep elf zephyrmancers, an orc sorcerer, 3 orc warriors, 3 orc
priests, an orc wizard and 3 orcs.

Vanquished Creatures
  Jorgrun (Orc:2)
  Rupert (D:15)
  2 orc warlords (Orc:2)
  3 fire dragons
  A vault guard (D:14)
  An ice dragon (shapeshifter) (D:14)
  A great orb of eyes (D:14)
  6 hydras
  4 catoblepae (Lair:5)
  12 centaur warriors
  3 two-headed ogres
  5 boulder beetles
  2 tengu warriors
  3 death yaks (Lair:5)
  A skeletal warrior (D:13)
  4 deep elf zephyrmancers (Orc:2)
  A wizard (D:14)
  An orc knight (Orc:2)
  A harpy (D:14)
  4 deep elf pyromancers
  11 ugly things
  An oklob plant (Lair:4)
  4 manticores
  3 salamanders (Volcano)
  3 cyclopes
  A torpor snail (Lair:5)
  5 elephants (Lair:1)
  5 black mambas
  8 cane toads
  5 gargoyles
  3 rime drakes
  An unseen horror (D:13)
  12 komodo dragons
  3 efreet
  Maggie (D:8)
  A kobold demonologist (D:11)
  2 hornets
  4 trolls
  3 meliai (D:15)
  A merfolk (D:9)
  A polar bear (Lair:4)
  18 blink frogs
  A centaur simulacrum (D:14)
  10 slime creatures
  Sigmund (D:5)
  A shadow (D:12)
  7 wyverns
  65 yaks
  4 wraiths
  7 fire bats (Volcano)
  A vampire (D:13)
  6 steam dragons (Volcano)
  10 basilisks
  2 nagas (Lair:3)
  6 vampire mosquitoes
  3 wargs (Orc:2)
  An acid dragon (D:8)
  11 water moccasins
  18 orc warriors
  A swamp drake (shapeshifter) (D:14)
  2 sky beasts (D:6)
  5 black bears
  A black bear (shapeshifter) (D:14)
  An ice beast (D:6)
  18 wolves
  21 centaurs
  7 ogres
  2 phantoms
  16 bullfrogs
  A gnoll sergeant (D:10)
  A scorpion (D:4)
  11 wights
  10 killer bees
  An electric eel (Lair:4)
  13 howler monkeys
  5 jellies
  11 orc priests
  4 hounds
  6 iguanas
  Ijyb (D:3)
  2 sleepcaps
  Natasha (twice) (D:2)
  19 orc wizards
  Robin (D:3)
  16 gnolls
  6 adders
  A worm (D:3)
  3 dart slugs
  67 orcs
  7 ball pythons
  2 bats
  9 endoplasms
  4 giant cockroaches
  7 goblins
  8 hobgoblins
  9 kobolds
  9 quokkas
  3 frilled lizards
  5 rats
  5 bushes (Lair:4)
  2 butterflies (Lair:4)
632 creatures vanquished.

Vanquished Creatures (collateral kills)
  A wight (D:6)
  A killer bee (D:8)
  A sleepcap (D:5)
  Natasha (D:2)
  2 orcs
  A goblin (D:2)
  A hobgoblin (D:3)
8 creatures vanquished.

Vanquished Creatures (others)
  A two-headed ogre (Volcano)
  An ogre (Orc:2)
  2 orcs
  A bush (Lair:5)
  48 fungi
  179 plants
232 creatures vanquished.

Grand Total: 872 creatures vanquished

Notes
Turn   | Place    | Note
-------+----------+-------------------------------------------
     0 | D:1      | pokeman the Deep Elf Hedge Wizard began the quest for the
                  | Orb.
     0 | D:1      | Reached XP level 1. HP: 10/10 MP: 7/7
   331 | D:1      | Reached XP level 2. HP: 16/16 MP: 6/9
   851 | D:1      | Reached skill level 5 in Spellcasting
  1238 | D:2      | Reached XP level 3. HP: 20/20 MP: 6/11
  1242 | D:2      | Learned a level 3 spell: Mephitic Cloud
  1245 | D:2      | Learned a level 2 spell: Call Imp
  1248 | D:2      | Learned a level 2 spell: Blink
  1454 | D:2      | Found Xus Doeg's Vocational Training.
  1455 | D:2      | Noticed Natasha
  1466 | D:2      | Killed Natasha
  1467 | D:2      | Reached skill level 1 in Fighting
  1467 | D:2      | Reached skill level 1 in Armour
  1485 | D:2      | Reached XP level 4. HP: 6/25 MP: 1/13
  1733 | D:2      | Noticed Natasha
  1759 | D:2      | Killed Natasha
  1906 | D:2      | Noticed Natasha
  1911 | D:2      | Killed Natasha
  2014 | D:2      | Reached skill level 6 in Spellcasting
  2026 | D:2      | Reached XP level 5. HP: 13/29 MP: 3/15
  2436 | D:3      | Found a sparkling altar of Nemelex Xobeh.
  2493 | D:3      | Noticed Ijyb
  2500 | D:3      | Noticed Robin
  2516 | D:3      | Killed Ijyb
  2527 | D:3      | Killed Robin
  2749 | D:3      | Learned a level 5 spell: Freezing Cloud
  2900 | D:3      | Noticed a phantom
  2920 | D:3      | Killed a phantom
  2921 | D:3      | Reached skill level 1 in Air Magic
  2921 | D:3      | Reached skill level 1 in Poison Magic
  2921 | D:3      | Reached XP level 6. HP: 17/34 MP: 17/17
  3485 | D:4      | Reached skill level 7 in Spellcasting
  3510 | D:4      | Reached skill level 1 in Ice Magic
  3510 | D:4      | Reached skill level 1 in Evocations
  3532 | D:4      | Reached XP level 7. HP: 24/38 MP: 13/20
  3648 | D:4      | Reached skill level 8 in Spellcasting
  3886 | D:4      | Found an ornate altar of the Wu Jian Council.
  3889 | D:4      | Found a hide-covered altar of Uskayaw.
  3891 | D:4      | Found a sacrificial altar of Ru.
  3935 | D:4      | You fall into a shaft and drop 2 floors!
  3955 | D:5      | Entered Level 5 of the Dungeon
  4422 | D:5      | Reached skill level 9 in Spellcasting
  4422 | D:5      | Reached XP level 8. HP: 30/44 MP: 17/23
  4828 | D:5      | Noticed Sigmund
  4837 | D:5      | Killed Sigmund
  4838 | D:5      | Reached skill level 5 in Conjurations
  5137 | D:6      | Reached skill level 10 in Spellcasting
  5514 | D:6      | Found an iron altar of Okawaru.
  5548 | D:6      | Found a snail-covered altar of Cheibriados.
  5690 | D:6      | Found a shimmering blue altar of Sif Muna.
  5726 | D:7      | Found a staircase to the Ecumenical Temple.
  5750 | D:7      | Reached XP level 9. HP: 26/48 MP: 15/25
  5863 | Temple   | Entered the Ecumenical Temple
  5863 | Temple   | Found a transporter.
  5863 | Temple   | Found a transporter.
  5865 | Temple   | Found a transporter.
  5865 | Temple   | Found a transporter.
  5893 | Temple   | Became a worshipper of Vehumet
  5928 | D:7      | Identified the +1 ring mail of Modesty {Harm Int+5 Slay-4}
  5994 | D:7      | Reached skill level 1 in Necromancy
  6079 | D:7      | Found Piumaost's Book Emporium.
  6116 | D:7      | Reached skill level 11 in Spellcasting
  6402 | D:7      | Bought a book of Geomancy for 234 gold pieces
  6406 | D:7      | Learned a level 3 spell: Stone Arrow
  6476 | D:7      | Found Ynol's Antique Weapon Emporium.
  6733 | D:7      | Reached skill level 1 in Earth Magic
  7053 | D:8      | Reached * piety under Vehumet
  7053 | D:8      | Offered knowledge of Kiss of Death by Vehumet.
  7104 | D:8      | Reached skill level 5 in Summonings
  7114 | D:8      | Paralysed by a hornet for 1 turns
  7116 | D:8      | Reached skill level 12 in Spellcasting
  7442 | D:8      | Noticed Maggie
  7452 | D:8      | Killed Maggie
  7453 | D:8      | Reached XP level 10. HP: 56/56 MP: 9/28
  7521 | D:8      | Noticed a deep elf pyromancer
  7527 | D:8      | Noticed a centaur warrior
  7529 | D:8      | Killed a deep elf pyromancer
  7534 | D:8      | Killed a centaur warrior
  7535 | D:8      | Reached skill level 13 in Spellcasting
  7627 | D:8      | Noticed a purple ugly thing
  7630 | D:8      | Noticed a white ugly thing
  7635 | D:8      | Killed a purple ugly thing
  7641 | D:8      | Killed a white ugly thing
  7872 | D:8      | Reached skill level 14 in Spellcasting
  7880 | D:8      | Noticed a cyclops
  7915 | D:8      | Killed a cyclops
  8358 | D:8      | Identified the amulet "Rasoa" {Reflect rC++ MP+9 SH+5}
  8358 | D:8      | Identified the +1 robe of Yhunic {rPois}
  8424 | D:9      | Reached XP level 11. HP: 61/61 MP: 25/31
  8536 | D:9      | Reached ** piety under Vehumet
  8608 | D:9      | Offered knowledge of Freeze by Vehumet.
  8699 | D:9      | Found a staircase to the Lair.
  8940 | D:9      | Found Nerep's Distillery.
  8948 | D:9      | Bought a potion of heal wounds for 60 gold pieces
  8948 | D:9      | Bought a potion of curing for 36 gold pieces
  8948 | D:9      | Bought a potion of curing for 36 gold pieces
  8948 | D:9      | Bought a potion of heal wounds for 60 gold pieces
  9166 | D:9      | Noticed a centaur warrior
  9167 | D:9      | Noticed a two-headed ogre
  9174 | D:9      | Killed a centaur warrior
  9175 | D:9      | Reached skill level 1 in Shields
  9180 | D:9      | Killed a two-headed ogre
  9181 | D:9      | Reached skill level 15 in Spellcasting
  9783 | D:10     | Entered Level 10 of the Dungeon
  9860 | D:10     | Offered knowledge of Inner Flame by Vehumet.
 10149 | D:10     | Found a burning altar of Makhleb.
 10149 | D:10     | Found a white marble altar of Elyvilon.
 10530 | D:11     | Reached *** piety under Vehumet
 10731 | D:11     | Identified the +1 helmet of Inevitability {rPois rC+++
                  | Str+2 Stlth-}
 10896 | D:11     | Learned a level 5 spell: Fireball
 11081 | D:11     | Offered knowledge of Sticky Flame by Vehumet.
 11082 | D:11     | Reached skill level 1 in Fire Magic
 11702 | D:12     | Reached skill level 16 in Spellcasting
 12165 | D:12     | Identified the ring of Vifac {Fly rC+ Will- rCorr}
 12165 | D:12     | Noticed a deep elf pyromancer
 12168 | D:12     | Killed a deep elf pyromancer
 12348 | D:12     | Noticed a boulder beetle
 12353 | D:12     | Reached XP level 12. HP: 66/66 MP: 32/34
 12359 | D:12     | Killed a boulder beetle
 12631 | D:12     | Found a staircase to the Orcish Mines.
 12722 | D:13     | Noticed a centaur warrior
 12726 | D:13     | Killed a centaur warrior
 12726 | D:13     | Reached **** piety under Vehumet
 12727 | D:13     | Noticed a boulder beetle
 12738 | D:13     | Killed a boulder beetle
 12739 | D:13     | Reached skill level 10 in Conjurations
 12889 | D:13     | Noticed a centaur warrior
 12900 | D:13     | Killed a centaur warrior
 13125 | D:13     | Reached skill level 17 in Spellcasting
 13382 | D:13     | Offered knowledge of Lee's Rapid Deconstruction by Vehumet.
 13744 | D:13     | Learned a level 7 spell: Orb of Destruction
 14069 | D:14     | Noticed a centaur warrior
 14074 | D:14     | Killed a centaur warrior
 14314 | D:13     | Noticed a centaur warrior
 14320 | D:13     | Killed a centaur warrior
 14321 | D:13     | Noticed a tengu warrior
 14329 | D:13     | Killed a tengu warrior
 14330 | D:13     | Reached skill level 5 in Fire Magic
 14702 | D:14     | Noticed a centaur warrior
 14706 | D:14     | Killed a centaur warrior
 14707 | D:14     | Noticed a boulder beetle
 14854 | D:13     | Reached skill level 18 in Spellcasting
 15007 | D:14     | Noticed a boulder beetle
 15016 | D:14     | Killed a boulder beetle
 15017 | D:14     | Reached skill level 5 in Shields
 15103 | D:14     | Noticed a centaur warrior
 15104 | D:14     | Noticed a centaur warrior
 15107 | D:14     | Killed a centaur warrior
 15108 | D:14     | Killed a centaur warrior
 15264 | D:14     | Noticed a tengu warrior
 15264 | D:14     | Noticed a four-headed hydra
 15275 | D:14     | Killed a four-headed hydra
 15276 | D:14     | Reached XP level 13. HP: 51/70 MP: 20/37
 15882 | D:14     | Found a gate to the Vaults.
 15924 | D:14     | Found an iron altar of Okawaru.
 16668 | D:14     | Reached skill level 19 in Spellcasting
 17215 | D:15     | Entered Level 15 of the Dungeon
 17449 | D:15     | Noticed Rupert
 17466 | D:15     | Killed Rupert
 17870 | D:15     | Noticed a fire dragon
 17872 | D:15     | Noticed a fire dragon
 17875 | D:15     | Killed a fire dragon
 17877 | D:15     | Killed a fire dragon
 17928 | D:15     | Found a staircase to the Depths.
 18922 | Lair:1   | Entered Level 1 of the Lair of Beasts
 18966 | Lair:1   | Reached skill level 20 in Spellcasting
 19076 | Lair:1   | Found a dark tunnel.
 19094 | Volcano  | Entered a volcano
 19129 | Volcano  | Reached XP level 14. HP: 76/76 MP: 36/40
 19470 | Volcano  | Reached ***** piety under Vehumet
 19513 | Volcano  | Offered knowledge of Ozocubu's Refrigeration by Vehumet.
 21336 | Lair:2   | Reached skill level 5 in Armour
 21593 | Lair:2   | Found a staircase to the Shoals.
 22215 | Lair:2   | Reached skill level 21 in Spellcasting
 22558 | Lair:3   | Found a staircase to the Snake Pit.
 23675 | Lair:4   | Offered knowledge of Flame Wave by Vehumet.
 25014 | Lair:5   | Entered Level 5 of the Lair of Beasts
 25476 | Lair:5   | Reached XP level 15. HP: 80/80 MP: 11/42
 25773 | Lair:5   | Found a staircase to the Slime Pits.
 25785 | Lair:5   | Reached skill level 10 in Fire Magic
 25957 | Lair:5   | Reached skill level 22 in Spellcasting
 26093 | Lair:5   | Offered knowledge of Spellforged Servitor by Vehumet.
 26266 | Lair:5   | Found a viscous altar of Jiyva.
 27307 | Orc:1    | Entered Level 1 of the Orcish Mines
 27349 | Orc:2    | Entered Level 2 of the Orcish Mines
 27368 | Orc:2    | Reached skill level 5 in Fighting
 27497 | Orc:2    | Noticed Jorgrun
 27520 | Orc:2    | Killed Jorgrun
 27522 | Orc:2    | Killed from afar by a deep elf zephyrmancer

Illustrated notes

Levels and vault maps discovered:
D:1:      eino_arrival_cavern_b, layout_basic
D:2:      layout_basic, minmay_statues_item, nicolae_shop_vocational,
          uniq_natasha
D:3:      wad_river_or_something, layout_loops_ring,
          mainiacjoe_overflow_cross_hatched, nicolae_goblin_pals
D:4:      layout_rooms, nicolae_overflow_hidden_temple, st_stairs_10
D:5:      layout_rooms, minmay_misc_feat_ornament, uniq_sigmund
D:6:      layout_rooms, overflow_temple_1_default, mainiacjoe_overflow_brackets,
          mainiacjoe_overflow_surrounded_room
D:7:      layout_loops_ring, minmay_temple_entry_junction, serial_shops, shop,
          grunt_decor_fettered, kennysheep_small_square
D:8:      minmay_the_grid_four_pointed_star
          [minmay_the_grid_triangle_9x9_zippers_horizontal,
          minmay_the_grid_triangle_9x9_dagger,
          minmay_the_grid_triangle_9x9_limited_checkers,
          minmay_the_grid_triangle_9x9_intruding_spiral,
          minmay_the_grid_prize_shrinking_boxes], layout_loops_ring,
          hangedman_abyss_or_decor_stagger, chequers_hall_statues_y,
          st_stairs_9, uniq_maggie
D:9:      layout_grid_maze, lair_entry_dummy, serial_shops, shop,
          hangedman_fish_farm
D:10:     layout_gridville, gammafunk_temple_overflow_elements
D:11:     layout_basic
D:12:     layout_small_grid, david_orc_4, minmay_tree_intersection
D:13:     cheibrodos_elevator_heist, layout_cave_pods
D:14:     layout_basic, david_vaults_5, okawaru_ov_weapons_minmay,
          chequers_avenue, kennysheep_nub, minmay_misc_feat_nine_boxes,
          minmay_shattered_shrine
D:15:     grunt_enter_depths_hoard, layout_grid_maze, dreamdust_princess_bridge,
          hex_medium, evilmike_butchery, uniq_rupert
Temple:   hellmonk_temple_divided_pantheon
Lair:1:   layout_chaotic_city, lightli_volcano_entry_magma_tube
Lair:2:   layout_big_grid, minmay_shoals_entry_centaurs
Lair:3:   layout_chaotic_city, guppyfry_snake_entry_garden, beast_lair_carwin_4
Lair:4:   layout_small_grid, minmay_lair_oklob_bushes, pond,
          lemuel_fruit_fields, lemuel_fruit_fields, serial_bayou_shore_a
Lair:5:   evilmike_catoblepas_cave, layout_loops_ring,
          nicolae_slime_entry_field_trip, st_stairs_10
Orc:1:    layout_caves, basic_altar, uniq_snorg
Orc:2:    st_orc_mages, layout_diamond_mine, portal_ice_cave_entry_pillars_1,
          gauntlet_entry_generic, elves_outpost_lemuel, uniq_jorgrun

Skill      XL: |  1  2  3  4  5  6  7  8  9 10 11 12 13 14 15 |
---------------+----------------------------------------------+-----
Spellcasting   | 5 6 7 9 10 12 14 16 18 20 21 22 | 22.6
Fighting       | 1 2 3 4 5 |  5.3
Armour         | 1 2 3 4 6 |  6.0
Conjurations   | 2 3 4 5 7 8 9 11 12 13 | 13.9
Stealth        | 3 |  3.0
Dodging        | 3 |  3.0
Air Magic      | 1 |  1.2
Poison Magic   | 1 |  1.2
Ice Magic      | 1 2 |  2.2
Evocations     | 1 2 |  2.1
Summonings     | 2 4 5 7 8 |  8.2
Necromancy     | 1 |  1.0
Earth Magic    | 1 |  1.1
Shields        | 3 5 6 |  6.5
Fire Magic     | 2 5 8 9 10 | 10.7
Translocations | |  1.1

Action                     |  1- 3 |  4- 6 |  7- 9 | 10-12 | 13-15 || total
---------------------------+-------+-------+-------+-------+-------++-------
  Melee: Dagger            |     7 |    17 |       |       |       ||    24
         Whip              |       |    50 |    65 |    20 |       ||   135
         Punch             |       |       |     4 |       |       ||     4
         Staff             |       |       |       |       |    31 ||    31
   Cast: Magic Dart        |    78 |   114 |   284 |    32 |       ||   508
         Mephitic Cloud    |     2 |    11 |    15 |    20 |     6 ||    54
         Call Imp          |     1 |     5 |    11 |       |       ||    17
         Blink             |       |       |     3 |     3 |     9 ||    15
         Stone Arrow       |       |       |    55 |   206 |    86 ||   347
         Fireball          |       |       |       |   104 |   390 ||   494
         Freezing Cloud    |       |       |       |     1 |    12 ||    13
  Evoke: Wand              |       |       |       |     1 |     1 ||     2
    Use: Scroll            |       |       |       |    11 |     7 ||    18
         Potion            |       |       |       |       |     3 ||     3
   Stab: Confused          |     1 |     4 |     8 |     2 |       ||    15
         Sleeping          |       |     1 |       |       |       ||     1
         Petrified         |       |       |       |       |     3 ||     3
 Armour: Robe              |     4 |     1 |       |       |       ||     5
         Leather armour    |       |     8 |    23 |    35 |    48 ||   114
  Dodge: Dodged            |    11 |    57 |   142 |   113 |    75 ||   398
         Repelled          |       |       |       |     1 |     1 ||     2
  Block: Other             |       |       |       |    26 |       ||    26
         Reflection        |       |       |       |     8 |     5 ||    13
         Buckler           |       |       |       |       |    75 ||    75

Table legend: (Time is in decaauts)
 A = Elapsed time spent in this place.
 B = Non-inter-level travel time spent in this place.
 C = Inter-level travel time spent in this place.
 D = Time resting spent in this place.
 E = Time spent auto-exploring this place.
 F = Levels seen in this place.
 G = Mean time per level.
                   A        B        C        D        E       F      G
               +--------+--------+--------+--------+--------+-----+--------+
         Total |  27578 |  25930 |   1648 |   2151 |  19999 |  24 | 1149.1 |
       Dungeon |  19083 |  17868 |   1215 |   1122 |  14149 |  15 | 1272.2 |
        Temple |    153 |    143 |     10 |      0 |      1 |   1 |  153.0 |
          Lair |   7056 |   6646 |    410 |    779 |   5189 |   5 | 1411.2 |
  Orcish Mines |    216 |    205 |     11 |     52 |     29 |   2 |  108.0 |
       Volcano |   1068 |   1068 |      0 |    198 |    631 |   1 | 1068.0 |
               +--------+--------+--------+--------+--------+-----+--------+

Top non-repeatable levels by time:
    D:14: 3084 daAuts
  Lair:5: 1890 daAuts
     D:7: 1557 daAuts
  Lair:4: 1457 daAuts
    D:13: 1452 daAuts
    D:15: 1421 daAuts
     D:9: 1410 daAuts
     D:8: 1351 daAuts
  Lair:3: 1324 daAuts
    D:12: 1246 daAuts
  Lair:2: 1238 daAuts
    D:11: 1236 daAuts
     D:2: 1222 daAuts
     D:1: 1189 daAuts
  Lair:1: 1146 daAuts
